 Dungeon Crawl Stone Soup version 0.30-b1-2-g02819fbbbe (webtiles) character file.

Game seed: 5566062898940819703

284 redmage the Chiller (level 6, -6/45 HPs)
             Began as a Meteoran Ice Elementalist on July 25, 2023.
             Mangled by an ice beast (7 damage)
             ... on level 5 of the Dungeon.
             The game lasted 00:12:25 (841 turns).

redmage the Chiller (Meteoran Ice Elementalist)      Turns: 841, Time: 00:12:26

Health: -6/45      AC:  4    Str:  9    XL:     6   Next: 85%
Magic:  8/14       EV: 12    Int: 19    God:
Gold:   51         SH:  0    Dex: 15    Spells: 3/14 levels left

rFire   . . .        g - +0 war axe
rCold   . . .        (no shield)
rNeg    . . .        a - +0 robe
rPois   .            r - +0 helmet
rElec   .            (no cloak)
rCorr   +            (no gloves)
SInv    .            l - +0 pair of boots
Will    .....        (no amulet)
Stlth   +            e - ring of resist corrosion
HPRegen 0.27/turn    (no ring)
MPRegen 0.14/turn

%: no passive effects
@: glowing
A: sense surroundings 1, otherworldly, glowing, explore regen
a: no special abilities


You were on level 5 of the Dungeon.
You visited 1 branch of the dungeon, and saw 5 of its levels.

You collected 95 gold pieces.
You spent 44 gold pieces at shops.

Inventory:

Hand Weapons
 g - a +0 war axe (weapon)
Missiles
 h - 9 atropa-tipped darts
Armour
 a - a +0 robe (worn)
 l - a +0 pair of boots (worn)
 r - a +0 helmet (worn)
Magical Staves
 o - a staff of earth
Jewellery
 e - a ring of resist corrosion (left hand)
Potions
 b - 2 potions of magic
 c - a potion of resistance
 d - 2 potions of haste
 i - a potion of attraction
 j - a potion of mutation
 k - 3 potions of curing
 p - a potion of might
 q - a potion of invisibility {unknown}


   Skills:
 - Level 2.4 Dodging
 - Level 1.4 Stealth
 + Level 4.7 Spellcasting
 * Level 2.0 Summonings
 * Level 6.8 Ice Magic


You had 3 spell levels left.
You knew the following spells:

 Your Spells              Type           Power      Damage    Failure   Level
a - Freeze                Ice            100%       1d10      1%          1
b - Frozen Ramparts       Ice            60%        1d10      2%          3
c - Ozocubu's Armour      Ice            30%        N/A       2%          3
d - Summon Ice Beast      Ice/Summ       21%        N/A       21%         4

Your spell library contained the following spells:

 Spells                   Type           Power      Damage    Failure   Level
 Kiss of Death            Conj/Necr      16%        2d6       13%         1
 Shock                    Conj/Air       16%        1d4       13%         1
 Confusing Touch          Hex            4%         N/A       36%         3
 Swiftness                Air            4%         N/A       36%         3
 Airstrike                Air            2%         2d(1-17)  77%         4
 Dispel Undead            Necr           4%         3d7       77%         4


Dungeon Overview and Level Annotations

Branches:
Dungeon (5/15) Zot: 2148
 Temple: D:4-7

Altars:
Fedhas

Shops:
D:3 !


Innate Abilities, Weirdness & Mutations

You passively map a small area around you.
You are easily found by Zot.
You glow in the dark.
You regain HP and MP as you explore.


Message History

A chill wind blows around you.
You open the door.
You swap places.
The ice beast barely misses you.
Your ice beast completely misses the ice beast.
You see here a +0 plate armour.
You closely miss the ice beast. The ice beast barely misses you.
Your ice beast closely misses the ice beast.
The ice beast hits you. The ice beast freezes you!
Unknown command.
You barely miss the ice beast.
Your ice beast completely misses the ice beast.
The ice beast hits you. The ice beast freezes you!
Your ice beast hits the ice beast.
Your ice beast freezes the ice beast.
The ice beast completely resists.
Unknown command.
You are too injured to fight recklessly!
Unknown command.
You hit the ice beast but do no damage.
The ice beast is lightly wounded.
The ice beast hits you but does no damage.
Your ice beast hits the ice beast.
Your ice beast freezes the ice beast.
The ice beast completely resists.
The ice beast closely misses you.
Unknown command.
Unknown command.
You closely miss the ice beast.
The ice beast is lightly wounded.
Your ice beast hits the ice beast but does no damage.
The ice beast closely misses you.
Your ice beast hits the ice beast.
Your ice beast freezes the ice beast.
The ice beast completely resists.
Your magical contamination has completely faded away.
Unknown command.
You hit the ice beast.
The ice beast is moderately wounded.
The ice beast hits you. The ice beast freezes you!
* * * LOW HITPOINT WARNING * * *
Your ice beast hits the ice beast but does no damage.
The ice beast hits you.
* * * LOW HITPOINT WARNING * * *
The ice beast freezes you!
You die...

..# * ...## * * *
..... * ,
##########.....
#..............
#######.####......P..
* * ........#
#...####. * .....#.Y#
#...YY.#, .....'..#*
##..#@.# + .....#..#
, #..####, *
...####.# , #..., ,
...#....#, +.... ,
...#....# #..#+# , ,
...#..#.# *...#
####..#.# ...# ,
#.......####...#, ,
,, #.............#*


You could see an ice beast (ally target) and a friendly ice beast (summoned).

Vanquished Creatures
  An ogre (D:3)
  A scorpion (D:4)
  A jelly (D:5)
  An orc wizard (D:3)
  4 adders
  A worm (D:4)
  4 orcs (D:3)
  4 ball pythons
  2 bats (D:3)
  An endoplasm (D:3)
  A giant cockroach (D:2)
  A goblin (D:4)
  6 hobgoblins
  5 jackals
  4 kobolds
  2 quokkas
  A frilled lizard (D:3)
  2 rats
42 creatures vanquished.

Notes
Turn   | Place    | Note
-------+----------+-------------------------------------------
     0 | D:1      | redmage the Meteoran Ice Elementalist began the quest for
                  | the Orb.
     0 | D:1      | Reached XP level 1. HP: 14/14 MP: 5/5
    56 | D:2      | Reached XP level 2. HP: 20/20 MP: 4/7
   123 | D:2      | Reached XP level 3. HP: 26/26 MP: 6/8
   127 | D:2      | Learned a level 3 spell: Frozen Ramparts
   131 | D:2      | Learned a level 3 spell: Ozocubu's Armour
   193 | D:3      | Reached skill level 5 in Ice Magic
   204 | D:3      | Reached XP level 4. HP: 32/33 MP: 3/10
   389 | D:3      | Noticed an ogre
   394 | D:3      | Killed an ogre
   395 | D:3      | Reached skill level 6 in Ice Magic
   395 | D:3      | Reached XP level 5. HP: 11/38 MP: 3/12
   427 | D:3      | Found Edwy's Distillery.
   440 | D:3      | Reached XP level 6. HP: 45/45 MP: 6/13
   441 | D:3      | Bought a potion of might for 44 gold pieces
   515 | D:3      | Learned a level 4 spell: Summon Ice Beast
   570 | D:4      | Reached skill level 1 in Summonings
   594 | D:5      | Entered Level 5 of the Dungeon
   744 | D:4      | Found a blossoming altar of Fedhas.
   777 | D:5      | Noticed an ice beast
   841 | D:5      | HP: 1/45 [ice beast (3)]
   841 | D:5      | Mangled by an ice beast

Illustrated notes

Levels and vault maps discovered:
D:1:      lightli_molten_gateway, layout_loops_ring,
          shapermc_ecumenical_altar_pompeii, nicolae_figureground_sparkle
D:2:      layout_rooms, minmay_box_of_dots, uniq_jessica
D:3:      layout_basic, nemelex_diamond_rough_becter, serial_shops, shop
D:4:      layout_loops_cross, kennysheep_mini
D:5:      corexii_shack_village, layout_gridville,
          minmay_temple_entry_statues_pillars

Skill      XL: |  1  2  3  4  5  6 |
---------------+-------------------+-----
Spellcasting   | 3 4 |  4.7
Ice Magic      | 5 6 |  6.8
Summonings     | 2 |  2.0
Dodging        | |  2.4
Stealth        | |  1.4

Action                     |  1- 3 |  4- 6 || total
---------------------------+-------+-------++-------
  Melee: War axe           |     2 |    15 ||    17
         Unarmed           |     2 |       ||     2
         Punch             |       |     1 ||     1
   Cast: Freeze            |    14 |    30 ||    44
         Frozen Ramparts   |     2 |     8 ||    10
         Ozocubu's Armour  |       |     2 ||     2
         Summon Ice Beast  |       |     1 ||     1
    Use: Scroll            |       |     9 ||     9
 Armour: Robe              |     3 |     6 ||     9
  Dodge: Dodged            |     6 |    24 ||    30
